 Dungeon Crawl Stone Soup version 0.32-a0-612-g1c984fe9d1 (webtiles) character file.

Game seed: 1834216294020712789

2445168 SunderingTitan the Conqueror (level 27, 218/218 HPs)
             Began as a Green Draconian Delver on Mar 4, 2024.
             Was an Initiate of Elyvilon.
             Escaped with the Orb
             ... and 4 runes!
             The game lasted 01:47:08 (66662 turns).

SunderingTitan the Conqueror (DrDe)                Turns: 66662, Time: 01:47:08

Health: 218/218    AC: 21    Str: 12    XL:     27
Magic:  49/49      EV: 37    Int: 16    God:    Elyvilon [......]
Gold:   5789       SH:  0    Dex: 25    Spells: 36/42 levels left

rFire   + . .        q - +9 triple crossbow (freeze)
rCold   + + .        (shield currently unavailable)
rNeg    . . .        (body armour unavailable)
rPois   +            J - +0 hat "Urghorgh" {rElec MP+9}
rElec   +            D - scarf {repulsion}
rCorr   .            m - +3 pair of gauntlets of War {Slay+5}
SInv    .            r - +3 pair of mountain boots {steadfast, rC+}
Will    ++...        M - amulet of regeneration
Stlth   +++          p - ring of Shadows {Umbra +Inv Stlth+}
HPRegen 1.36/turn    c - ring of Grontol {rF+ rC+ Int+5}
MPRegen 0.31/turn

%: repel missiles
@: wreathed by umbra, studying 6 skills
A: reduced essence, noxious breath, AC +13, unfitting armour, stinger 1, poison
resistance, cold-blooded, hooves 1, deterioration 2, frail 1, weak 2, wild magic
1, persistent drain
0: Orb of Zot
}: 4/15 runes: serpentine, barnacled, slimy, silver
a: Noxious Breath, Renounce Religion, Evoke Invisibility


You escaped.
You worshipped Elyvilon.
Elyvilon was noncommittal.
You visited 12 branches of the dungeon, and saw 56 of its levels.
You visited the Abyss 1 time.
You also visited: Gauntlet and Ice Cave.

You collected 11877 gold pieces.
You spent 6088 gold pieces at shops.

Inventory:

Hand Weapons
 q - a +9 triple crossbow of freezing (weapon)
 s - a +3 hand cannon of electrocution
Missiles
 O - 6 throwing nets
Armour
 m - the +3 pair of gauntlets of War (worn) {Slay+5}
   (You bought it in a shop on level 12 of the Dungeon)

   Slay+5:    It affects your accuracy & damage with ranged weapons and melee
   (+5).
 r - the +3 pair of mountain boots (worn) {steadfast, rC+}
   (You bought it in a shop on level 2 of the Orcish Mines)

   Steadfast: It prevents involuntary movement, except for blinking,
   teleportation, or banishment.
   rC+:       It protects you from cold.
 D - a scarf of repulsion (worn)
 J - the +0 hat "Urghorgh" (worn) {rElec MP+9}
   (You acquired it on level 3 of the Elven Halls)

   rElec:     It insulates you from electricity.
   MP+9:      It affects your magic capacity (+9).
 S - the +0 pair of gloves of the Merchant {rCorr Str+2}
   (You acquired it on level 10 of the Dungeon)

   Str+2:     It affects your strength (+2).
   rCorr:     It protects you from acid and corrosion.
 Z - the +2 shield of Resistance {rF++ rC++ Will++}
   (You bought it in a shop on level 2 of the Orcish Mines)

   rF++:      It greatly protects you from fire.
   rC++:      It greatly protects you from cold.
   Will++:    It greatly increases your willpower.
Jewellery
 c - the ring of Grontol (right hand) {rF+ rC+ Int+5}
   (You acquired it in an ice cave)

   [ring of protection from fire]

   Int+5:     It affects your intelligence (+5).
   rF+:       It protects you from fire.
   rC+:       It protects you from cold.
 p - the ring of Shadows (left hand) {Umbra +Inv Stlth+}
   (You found it on level 3 of the Elven Halls)

   [ring of stealth]

   Umbra:     It surrounds you with an aura of shadow, increasing your stealth
   and reducing the accuracy of all others within it.
   +Inv:      It lets you turn invisible.
   Stlth+:    It makes you more stealthy.
 u - a ring of protection from fire
 w - the ring "Noloucvo" {rElec MP+9 Str+6}
   (You took it off a minotaur in a Gauntlet)

   [ring of magical power]

   Str+6:     It affects your strength (+6).
   rElec:     It insulates you from electricity.
   MP+9:      It affects your magic capacity (+9).
 z - a ring of willpower
 B - the amulet "Imoqoyli" {Reflect rElec rN++ Str+3 Dex-3 SH+5}
   (You found it on level 2 of the Vaults)

   [amulet of reflection]

   Reflect:   It reflects blocked missile attacks.
   Str+3:     It affects your strength (+3).
   Dex-3:     It affects your dexterity (-3).
   rElec:     It insulates you from electricity.
   rN++:      It greatly protects you from negative energy.
   SH+5:      It affects your SH (+5).
 I - the ring "Gecoma" {Fly rC+ rCorr}
   (You found it on level 1 of the Elven Halls)

   [ring of flight]

   rC+:       It protects you from cold.
   Fly:       It grants you flight.
   rCorr:     It protects you from acid and corrosion.
 M - an amulet of regeneration (around neck)
 U - the ring "Rerib" {rC+ Dex+3 SInv}
   (You found it on level 3 of the Elven Halls)

   [ring of see invisible]

   Dex+3:     It affects your dexterity (+3).
   rC+:       It protects you from cold.
   SInv:      It lets you see invisible.
Wands
 v - a wand of digging (6)
Scrolls
 a - 7 scrolls of fog {@r2}
 b - 12 scrolls of revelation {@r5}
 e - 8 scrolls of fear
 j - 17 scrolls of amnesia
 k - 2 scrolls of silence {!r}
 n - 9 scrolls of teleportation {@r3}
 x - 29 scrolls of identify {@r1}
 y - 6 scrolls of torment
 A - a scroll of butterflies
 C - 9 scrolls of immolation
 E - 7 scrolls of poison
 F - 12 scrolls of vulnerability {!r}
 L - 7 scrolls of enchant weapon
 P - a scroll of brand weapon
 T - 7 scrolls of enchant armour
Potions
 d - 5 potions of heal wounds {@q1}
 f - 12 potions of attraction
 g - 9 potions of enlightenment
 h - 10 potions of might {@q3}
 l - 22 potions of curing {@q2}
 o - 7 potions of brilliance
 t - 2 potions of ambrosia
 H - 8 potions of magic
 K - 7 potions of invisibility
 N - 9 potions of mutation
 Q - 8 potions of lignification
 X - 8 potions of cancellation
 Y - 3 potions of haste {@q5}
Miscellaneous
 G - a phial of floods
 R - a lightning rod (4/4)
 V - a condenser vane
 W - a phantom mirror


   Skills:
 O Level 27 Fighting
 - Level 26.0 Ranged Weapons
 + Level 25.7 Dodging
 - Level 6.1 Stealth
 - Level 2.4 Unarmed Combat
 - Level 8.0 Spellcasting
 - Level 8.0 Hexes
 - Level 8.0 Translocations
 + Level 26.4 Invocations


You had 36 spell levels left.
You knew the following spells:

 Your Spells              Type           Power      Damage    Failure   Level
a - Dimensional Bullseye  Hex/Tloc       20%        N/A       7%          4
b - Blink                 Tloc           82%        N/A       1%          2

Your spell library contained the following spells:

 Spells                   Type           Power      Damage    Failure   Level
 Apportation              Tloc           82%        N/A       1%          1
 Slow                     Hex            100%       N/A       1%          1
 Confusing Touch          Hex            41%        N/A       2%          3
 Sigil of Binding         Hex            41%        N/A       2%          3
 Tukima's Dance           Hex            41%        N/A       2%          3
 Ensorcelled Hibernation  Hex/Ice        48%        N/A       5%          2
 Cause Fear               Hex            20%        N/A       7%          4
 Manifold Assault         Tloc           41%        N/A       7%          4
 Passage of Golubria      Tloc           41%        N/A       7%          4
 Dazzling Flash           Conj/Hex       48%        N/A       10%         3
 Inner Flame              Hex/Fire       24%        N/A       10%         3
 Volatile Blastmotes      Fire/Tloc      48%        2d14      10%         3
 Kiss of Death            Conj/Necr      32%        2d7       16%         1
 Magic Dart               Conj           32%        1d4       16%         1
 Necrotise                Necr           32%        1d5       16%         1
 Sandblast                Erth           16%        2d6       16%         1
 Shock                    Conj/Air       32%        1d5       16%         1
 Sting                    Conj/Alch      32%        1d5       16%         1
 Summon Small Mammal      Summ           32%        N/A       16%         1
 Call Imp                 Summ           16%        N/A       24%         2
 Cigotuvi's Dreadful Rot  Necr/Alch/Air  16%        N/A       24%         2
 Mercury Vapours          Alch/Air       16%        N/A       24%         2
 Scorch                   Fire           16%        2d5       24%         2
 Static Discharge         Conj/Air       16%        3-4/arc   24%         2
 Sublimation of Blood     Necr           8%         N/A       24%         2
 Anguish                  Hex/Necr       12%        N/A       30%         4
 Iskenderun's Mystic Bla  Conj/Tloc      24%        2d7       30%         4
 Vhi's Electric Charge    Tloc/Air       48%        N/A       30%         4
 Call Canine Familiar     Summ           8%         N/A       41%         3
 Fugue of the Fallen      Necr           8%         N/A       41%         3
 Hailstorm                Conj/Ice       8%         3d5       41%         3
 Mephitic Cloud           Conj/Alch/Air  8%         N/A       41%         3
 Passwall                 Erth           8%         N/A       41%         3
 Stone Arrow              Conj/Erth      16%        3d8       41%         3
 Summon Ice Beast         Ice/Summ       8%         N/A       41%         3
 Swiftness                Air            8%         N/A       41%         3
 Vampiric Draining        Necr           8%         2d6       41%         3
 Metabolic Englaciation   Hex/Ice        12%        N/A       61%         5
 Silence                  Hex/Air        12%        N/A       61%         5
 Summon Forest            Summ/Tloc      12%        N/A       61%         5
 Summon Mana Viper        Hex/Summ       24%        N/A       61%         5
 Yara's Violent Unravell  Hex/Alch       12%        3d7       61%         5
 Dispersal                Tloc           20%        N/A       63%         6
 Airstrike                Air            4%         2d(1-17)  80%         4
 Animate Dead             Necr           8%         N/A       80%         4
 Brom's Barrelling Bould  Conj/Erth      8%         2d3       80%         4
 Dispel Undead            Necr           8%         3d8       80%         4
 Flame Wave               Conj/Fire      8%         2d5       80%         4
 Fulminant Prism          Conj/Alch      4%         3d5       80%         4
 Ignite Poison            Fire/Alch      8%         N/A       80%         4
 Leda's Liquefaction      Alch/Erth      4%         N/A       80%         4
 Martyr's Knell           Necr/Summ      8%         N/A       80%         4
 Olgreb's Toxic Radiance  Alch           8%         N/A       80%         4
 Petrify                  Alch/Erth      8%         N/A       80%         4
 Sticky Flame             Fire/Alch      8%         2d4       80%         4
 Summon Blazeheart Golem  Fire/Summ      8%         N/A       80%         4
 Summon Lightning Spire   Summ/Air       8%         N/A       80%         4
 Alistair's Intoxication  Alch           5%         N/A       98%         5
 Arcjolt                  Conj/Air       4%         1d14      98%         5
 Borgnjor's Vile Clutch   Necr/Erth      4%         N/A       98%         5
 Curse of Agony           Necr           8%         N/A       98%         5
 Fireball                 Conj/Fire      4%         3d4       98%         5
 Freezing Cloud           Conj/Ice/Air   4%         6-21      98%         5
 Irradiate                Conj/Alch      4%         3d13      98%         5
 Lee's Rapid Deconstruct  Erth           4%         3d5*      98%         5
 Enfeeble                 Hex            20%        N/A       99%         7
 Bombard                  Conj/Erth      4%         9d2       100%        6
 Conjure Ball Lightning   Conj/Air       4%         3x3d6     100%        6
 Eringya's Noxious Bog    Alch           4%         4d6       100%        6
 Plasma Beam              Fire/Air       4%         2x1d14    100%        6
 Sculpt Simulacrum        Ice/Alch       4%         N/A       100%        6
 Starburst                Conj/Fire      4%         6d3       100%        6
 Summon Cactus Giant      Summ           4%         N/A       100%        6
 Haunt                    Necr/Summ      4%         N/A       100%        7
 Malign Gateway           Summ/Tloc      12%        N/A       100%        7
 Orb of Destruction       Conj           4%         9d5       100%        7
 Spellforged Servitor     Conj/Summ      4%         N/A       100%        7
 Summon Hydra             Summ           4%         N/A       100%        7
 Borgnjor's Revivificati  Necr           4%         N/A       100%        8
 Discord                  Hex            20%        N/A       100%        8
 Disjunction              Tloc           20%        N/A       100%        8
 Ignition                 Fire           4%         3d4       100%        8
 Infestation              Necr           4%         N/A       100%        8
 Maxwell's Capacitive Co  Air            4%         ∞         100%        8
 Summon Horrible Things   Summ           4%         N/A       100%        8
 Chain Lightning          Conj/Air       4%         3d5       100%        9
 Death's Door             Necr           4%         N/A       100%        9
 Fire Storm               Conj/Fire      4%         8d1       100%        9
 Shatter                  Erth           4%         3d7*      100%        9


Dungeon Overview and Level Annotations

Branches:
Dungeon (15/15)            Temple (1/1) D:4            Lair (5/5) D:8
 Shoals (4/4) Lair:2        Snake (4/4) Lair:2        Slime (5/5) Lair:4
    Orc (2/2) D:12            Elf (3/3) Orc:2        Vaults (5/5) D:13
  Crypt (3/3) Vaults:3       Tomb (0/3) Crypt:3      Depths (4/4) D:15
    Zot (5/5) Depths:4      IceCv (visited)         Gauntlet (visited)

Altars:
Ashenzari
Cheibriados
Dithmenos
Elyvilon
Fedhas
Gozag
Hepliaklqana
Kikubaaqudgha
Makhleb
Nemelex Xobeh
Okawaru
Qazlal
Ru
Sif Muna
Trog
Uskayaw
Vehumet
Wu Jian
Xom
Yredelemnul
Zin
The Shining One
Jiyva
Lugonu

Shops:
D:2 =   D:4 :   D:11 *   D:12 [   D:13 [   D:14 *   Orc:2 ?:**=   Elf:1 ?*:*:
Elf:2 (:   Elf:3 :[![*   Shoals:3 ((   Shoals:4 =   Snake:1 *   Snake:2 ?(
Snake:3 (*=(   Vaults:1 =   Vaults:3 (!   Depths:2 !   Depths:3 (

Portals:
Hell: Depths:1 Depths:2 Depths:3 Depths:4
Abyss: Shoals:2 Depths:3
Pandemonium: Depths:1 Depths:2 Depths:4
Ziggurat: Depths:3


Innate Abilities, Weirdness & Mutations

Your life essence is reduced to manifest your ancestor. (-10% HP)
You can breathe blasts of noxious fumes.
Your lurid green scales are hard. (AC +13)
You cannot fit into any form of body armour.
Your tail ends in a venomous barb.
Your system is resistant to poisons. (rPois)
You are cold-blooded and may be slowed by cold attacks.
You have large cloven feet.
Your body often deteriorates upon taking damage.
You are frail. (-10% HP)
You are very weak. (Str -4)
Your spells are a little harder to cast, but a little more powerful.
Your health recovers twice as slowly from being drained.


Message History

You shoot a bolt. The bolt hits the large abomination!!!
The bolt freezes the large abomination.
The large abomination is severely damaged.
The large abomination completely misses you.
You shoot a bolt. The bolt hits the large abomination!!!
The bolt freezes the large abomination.
You destroy the large abomination!
Aiming: Dig
Press: ? - help, Q - select action, (/) - cycle Shift-Dir - straight line You can't see that place. [a rock wall.]
The rock shatters into small pieces.
Aiming: Dig
Press: ? - help, Q - select action, (/) - cycle Shift-Dir - straight line You can't see that place.
The rock shatters into small pieces.
Aiming: Dig
Press: ? - help, Q - select action, (/) - cycle Shift-Dir - straight line You can't see that place.
The rock shatters into small pieces.
Aiming: Dig
Press: ? - help, Q - select action, (/) - cycle Shift-Dir - straight line You can't see that place. [the floor.]
The rock shatters into small pieces.
There is a stone staircase leading up here.
You climb upwards.
There is a stone staircase leading down here.
You see here a ball python skeleton.
There is a stone staircase leading up here.
Okay, then.
You climb upwards.
There is a stone staircase leading down here.
Aiming: Dig
Press: ? - help, Q - select action, (/) - cycle Shift-Dir - straight line You can't see that place. [the floor.]
The rock shatters into small pieces.
There is a staircase leading out of the dungeon here.
You have escaped!

......## #..#.#
.......##########.##.#
..................##.#
.....###########'###########
.....#........+ß.ß'........#
..............#...#........#
.....#...⌠....##'##....⌠...#
.....##...................##
..##########....@....######
#.....#######.......##....#
#####......##########..####
# ######.## #.....## # #..#
###..#### # ##.###....# #
#.....##.##### ##
####.........# .###
#.........#


There were no monsters in sight!

Vanquished Creatures
  the Royal Jelly (Slime:5)
  Frederick (Depths:1)
  The ghost of Kamets Paeg the Pyromancer, a master HuCj of Ashenzari (Vaults:3)
  Tiamat (Zot:1)
  3 dread liches
  9 orbs of fire
  2 ancient liches (Zot:5)
  Boris (Vaults:5)
  3 Killer Klowns
  A caustic shrike (Depths:4)
  3 curse toes
  7 golden dragons
  Nikola (Snake:2)
  A profane servitor (Crypt:3)
  A Brimstone Fiend (D:13)
  3 electric golems
  Rupert (Lair:4)
  17 tentacled monstrosities
  20 Orb Guardians
  3 liches
  6 quicksilver dragons
  5 titans
  16 acid blobs
  5 sphinxes
  3 Executioners
  A deep elf master archer (Elf:3)
  2 ancient champions
  6 death cobs
  A tentacled starspawn (Abyss:1)
  Aizul (Snake:3)
  8 draconian knights
  A revenant (Crypt:3)
  7 protean progenitors
  Roxanne (Snake:1)
  4 shadow dragons
  14 storm dragons
  Donald (Elf:1)
  4 draconian monks
  3 nagarajas
  5 azure jellies
  5 deep elf sorcerers
  6 rockslimes
  An iron dragon (Zot:4)
  Louise (Shoals:1)
  7 fire giants
  9 frost giants
  A ghost moth (Zot:2)
  16 vault wardens
  5 draconian scorchers
  2 deep elf elementalists (Elf:3)
  3 reapers
  13 ironbound preservers
  2 orc warlords (Orc:2)
  A ghoul (Crypt:2)
  3 draconian annihilators
  A broodmother (Zot:2)
  A caustic shrike skeleton (Depths:1)
  14 stone giants
  4 deep elf demonologists
  11 quicksilver oozes
  2 formless jellyfish
  2 draconian stormcallers
  6 ironbound thunderhulks
  14 very ugly things
  A demonspawn black sun (D:8)
  3 vampire knights
  A bunyip (shapeshifter) (Depths:3)
  A spark wasp (Depths:3)
  A lorocyproca (Abyss:1)
  15 yellow draconians
  A war gargoyle (Zot:4)
  10 black draconians
  4 deep elf death magi
  8 green draconians
  A minotaur (Gauntlet)
  4 purple draconians
  4 deep elf annihilators (Elf:3)
  2 dire elephants
  5 red draconians
  8 white draconians
  4 eidola (Crypt:2)
  9 fire dragons
  6 merfolk impalers
  A blizzard demon (Depths:4)
  8 ettins
  4 merfolk javelineers (Shoals:4)
  2 deep elf high priests (Elf:3)
  4 entropy weavers
  14 jiangshi
  5 great orbs of eyes
  A peacekeeper (Vaults:4)
  2 rakshasas (Depths:2)
  11 ice dragons
  23 vault guards
  9 yaktaur captains
  A fenstrider witch zombie (Crypt:1)
  2 ogre magi
  2 salamander tyrants (Snake:4)
  5 hydras
  A spriggan air mage (Depths:4)
  Erolcha (Orc:2)
  A spriggan skeleton (Crypt:1)
  5 centaur warriors
  9 anacondas
  4 death knights
  7 ironbound frosthearts
  A catoblepas (Lair:1)
  A merfolk avatar (Shoals:4)
  26 dancing weapons
  2 death yaks (IceCv)
  6 deep troll shamans
  3 two-headed ogres
  A two-headed ogre (shapeshifter) (Elf:2)
  2 merfolk aquamancers
  6 boulder beetles
  4 tengu warriors
  An anaconda (shapeshifter) (Depths:3)
  7 deep troll earth magi
  A satyr (Shoals:3)
  An alligator snapping turtle (Shoals:4)
  2 orc high priests (Orc:2)
  5 occultists
  12 naga warriors
  6 spriggan berserkers
  4 vampire magi
  A spectral naga (Crypt:3)
  9 hell knights
  7 shock serpents
  4 naga sharpshooters
  A titan skeleton (Crypt:2)
  Sonja (Lair:4)
  A soul eater (Crypt:1)
  12 deep elf knights
  2 sun demons
  18 skeletal warriors
  5 iron trolls
  4 salamander mystics
  A storm dragon skeleton (Crypt:1)
  3 wretched stars (Abyss:1)
  3 mana vipers
  5 skysharks
  A spark wasp zombie (Depths:1)
  7 arcanists
  6 bog bodies
  2 spriggan simulacra
  11 sea snakes
  32 deep trolls
  5 glowing orange brains
  An obsidian statue (Vaults:2)
  14 ironbound convokers
  14 harpies
  15 necromancers
  A shadow dragon zombie (Depths:3)
  13 lindwurms
  4 naga ritualists
  A tengu zombie (Depths:3)
  A harpy (shapeshifter) (D:13)
  4 deep elf archers
  2 thermic dynamos (Elf:1)
  An anaconda skeleton (Crypt:1)
  11 phantasmal warriors
  8 flayed ghosts
  2 starcursed masses (Abyss:1)
  28 deep elf pyromancers
  16 deep elf zephyrmancers
  4 orc sorcerers
  13 fauns
  A manticore (shapeshifter) (Vaults:5)
  23 ugly things
  5 oklob plants (Lair:4)
  26 salamanders
  5 shining eyes
  A stone giant zombie (Crypt:1)
  A moth of wrath (shapeshifter) (Vaults:5)
  16 moths of wrath
  A fire giant zombie (Depths:3)
  A will-o-the-wisp (Orc:2)
  5 cyclopes
  13 vault sentinels
  5 large abominations
  11 manticores
  A spectral centaur (Crypt:3)
  A centaur zombie (Crypt:1)
  A kobold blastminer (Orc:1)
  14 naga magi
  16 elephants
  8 guardian serpents
  A meliai (shapeshifter) (Elf:1)
  A smoke demon (Depths:1)
  An apocalypse crab (Shoals:2)
  27 black mambas
  7 merfolk sirens
  11 water nymphs
  Joseph (D:9)
  An orange demon (Abyss:1)
  2 gargoyles (D:12)
  A torpor snail (Lair:1)
  8 cane toads
  An eye of devastation (shapeshifter) (Elf:2)
  4 eyes of devastation
  A titan simulacrum (Depths:4)
  22 yaktaurs
  2 kobold demonologists
  A naga skeleton (Crypt:1)
  4 komodo dragons
  An alligator snapping turtle skeleton (Crypt:1)
  3 tengu conjurers
  11 freezing wraiths
  4 rime drakes
  A spark wasp simulacrum (Depths:3)
  A harpy zombie (Crypt:2)
  6 trolls
  23 merfolk
  A tarantella (Vaults:1)
  11 polar bears (IceCv)
  A queen bee (Gauntlet)
  10 hornets
  4 blink frogs
  A wolf spider simulacrum (D:15)
  3 raiju (Abyss:1)
  3 glass eyes
  A harpy skeleton (Crypt:1)
  3 snapping turtles
  An ice dragon zombie (Crypt:2)
  6 wind drakes
  7 dream sheep
  An ettin zombie (Crypt:1)
  An air elemental (Elf:2)
  A jumping spider (Vaults:2)
  3 shadows
  A centaur simulacrum (Crypt:1)
  112 slime creatures
  14 spriggans
  38 yaks
  3 vampires
  2 wyverns
  7 water elementals
  6 wraiths
  3 fire elementals
  2 golden eyes (Slime:1)
  4 fire bats (Depths:3)
  2 basilisks
  A chaos spawn (Shoals:2)
  A redback (shapeshifter) (Vaults:5)
  4 redbacks (Vaults:1)
  2 wargs
  4 vampire mosquitoes
  2 steam dragons
  A two-headed ogre zombie (Crypt:2)
  A wind drake skeleton (Crypt:1)
  An acid dragon (D:11)
  48 nagas
  9 water moccasins
  A faun skeleton (Crypt:2)
  3 hell hounds (Snake:2)
  29 orc warriors
  5 black bears
  3 ice beasts (D:8)
  A dream sheep zombie (Crypt:2)
  14 laughing skulls
  2 small abominations (Crypt:3)
  5 boggarts
  43 wolves
  6 ogres
  9 centaurs
  A komodo dragon zombie (Crypt:1)
  A phantom (D:5)
  3 kobold brigands
  6 bullfrogs
  3 weeping skulls (Crypt:3)
  A bullfrog (shapeshifter) (D:14)
  A scorpion (D:5)
  3 burial acolytes (Crypt:3)
  7 wights
  2 killer bees (D:10)
  A bombardier beetle (D:5)
  4 hounds
  Crazy Yiuf (D:2)
  3 gnoll boudas (D:9)
  23 orc priests
  An iron imp (Abyss:1)
  2 sleepcaps
  3 iguanas
  34 orc wizards
  5 hell rats (Lair:5)
  Natasha (D:3)
  A black bear skeleton (Crypt:1)
  An acid dragon skeleton (Crypt:2)
  A hound skeleton (Crypt:2)
  17 gnolls
  6 adders
  A swamp drake skeleton (Crypt:1)
  3 ufetubi
  4 ribbon worms
  A dart slug (D:2)
  66 orcs
  10 ball pythons
  5 endoplasms
  9 goblins
  5 hobgoblins
  3 quokkas
  3 training dummies (Elf:2)
  5 bats
  2 frilled lizards (D:1)
  A goblin skeleton (Crypt:2)
  18 kobolds
  9 rats
  3 aspiring fleshes (Zot:5)
  A fire vortex (Vaults:3)
  2 starspawn tentacles (Abyss:1)
1930 creatures vanquished.

Vanquished Creatures (collateral kills)
  An ancient lich (Vaults:5)
  3 orbs of fire (Zot:5)
  Vv (Zot:1)
  Saint Roka (Snake:4)
  A caustic shrike (Depths:2)
  A curse toe (Zot:4)
  5 golden dragons
  Vashnia (Snake:4)
  A Killer Klown (Zot:4)
  A bone dragon (Crypt:3)
  A walking crystal tome (Depths:3)
  Jorgrun (Elf:1)
  An Ice Fiend (Temple)
  7 Orb Guardians
  3 deep elf blademasters
  A titan (Zot:4)
  6 tentacled monstrosities
  A deep elf master archer (Elf:3)
  4 liches
  5 acid blobs
  4 quicksilver dragons
  3 sphinxes
  3 death cobs
  The ghost of seren the Fencer, an adept CoGl of Gozag (Snake:3)
  Agnes (Depths:1)
  3 tengu reavers
  5 storm dragons
  5 shadow dragons
  Gastronok (D:8)
  An azure jelly (Slime:5)
  2 rockslimes
  2 nagarajas
  A deep elf sorcerer (Elf:2)
  The ghost of t4s4d4r the Fencer, an adept CoFi of Gozag (Snake:2)
  3 protean progenitors
  4 fire giants
  A draconian monk (Zot:5)
  7 frost giants
  2 balrugs
  2 draconian knights
  The ghost of Pitzov the Ruinous, an adept DECj of Sif Muna (Snake:2)
  A draconian scorcher (Zot:4)
  2 iron dragons
  6 vault wardens
  An angel (Vaults:1)
  A ghost moth (Zot:5)
  A juggernaut zombie (Crypt:2)
  A broodmother (Zot:2)
  9 very ugly things
  2 draconian annihilators (Zot:1)
  A demonspawn blood saint (D:8)
  5 stone giants
  A juggernaut skeleton (Crypt:1)
  A ghoul (Crypt:3)
  12 ironbound preservers
  2 green draconians (Zot:3)
  5 deep elf death magi
  4 vampire knights
  3 yellow draconians
  3 ironbound thunderhulks
  A purple draconian (Depths:4)
  A war gargoyle (Vaults:4)
  4 deep elf demonologists
  A spark wasp (Depths:3)
  2 deep elf annihilators (Elf:3)
  4 white draconians
  5 red draconians
  7 black draconians
  8 dire elephants
  An eidolon (Crypt:1)
  Azrael (Snake:2)
  A merfolk javelineer (Shoals:2)
  6 fire dragons
  A merfolk impaler (Shoals:4)
  6 ettins
  5 jiangshi
  A deep elf high priest (Vaults:5)
  4 ice dragons
  2 entropy weavers (Vaults:1)
  6 great orbs of eyes
  A yaktaur captain (Vaults:4)
  2 rakshasas (Depths:4)
  A salamander tyrant (Snake:4)
  13 vault guards
  3 hydras
  A merfolk avatar (Shoals:4)
  2 spriggan air magi (Depths:4)
  An alligator snapping turtle (Shoals:4)
  A boulder beetle (Vaults:1)
  2 merfolk aquamancers (Shoals:4)
  2 anacondas (Snake:3)
  A two-headed ogre (D:12)
  An ironbound frostheart (Vaults:1)
  8 dancing weapons
  4 centaur warriors
  2 death knights (Crypt:1)
  6 deep troll earth magi
  A bennu skeleton (Crypt:2)
  2 death yaks (IceCv)
  Urug (Lair:3)
  A tengu warrior (Depths:2)
  A vampire mage (Depths:2)
  2 spriggan berserkers
  2 naga sharpshooters
  5 hell knights
  An occultist (Depths:2)
  7 deep elf knights
  3 shock serpents
  5 naga warriors
  2 sixfirhies
  A spark wasp zombie (Depths:1)
  3 salamander mystics (Snake:4)
  A skyshark (Shoals:1)
  2 glowing orange brains (Depths:3)
  2 shadow wraiths (Crypt:3)
  15 deep trolls
  2 naga ritualists (Snake:4)
  4 sea snakes
  5 iron trolls
  5 large abominations
  9 skeletal warriors
  A goliath frog (Zot:2)
  2 flayed ghosts (Crypt:1)
  A spriggan simulacrum (Depths:4)
  2 mana vipers
  3 deep elf archers (Elf:1)
  2 lindwurms (Vaults:1)
  A shadow dragon zombie (Crypt:1)
  4 arcanists
  5 necromancers
  3 bog bodies
  7 ironbound convokers
  3 deep elf zephyrmancers
  A golden dragon skeleton (Crypt:1)
  3 phantasmal warriors
  2 orc knights
  3 harpies
  An orc sorcerer (Orc:2)
  10 deep elf pyromancers
  A shadow dragon skeleton (Crypt:2)
  2 shining eyes
  3 fauns
  6 manticores
  17 ugly things
  An alligator skeleton (Crypt:1)
  5 moths of wrath
  11 vault sentinels
  3 cyclopes
  A frost giant skeleton (Crypt:2)
  A meliai (shapeshifter) (D:14)
  2 merfolk sirens
  7 salamanders
  4 elephants
  An eye of devastation (Slime:4)
  4 naga magi
  2 apocalypse crabs (Shoals:2)
  2 water nymphs
  A water nymph (shapeshifter) (Vaults:5)
  A torpor snail (shapeshifter) (Vaults:5)
  8 black mambas
  5 guardian serpents
  A guardian serpent (shapeshifter) (D:14)
  An unseen horror (D:12)
  A molten gargoyle (Gauntlet)
  An unseen horror (shapeshifter) (D:15)
  An ice statue (IceCv)
  A dire elephant skeleton (Abyss:1)
  Maggie (D:9)
  A rime drake (Lair:1)
  3 cane toads
  A komodo dragon (D:12)
  9 yaktaurs
  A kobold demonologist (D:8)
  An ancient zyme (Shoals:2)
  A tormentor (Depths:4)
  A freezing wraith (Crypt:1)
  A tengu conjurer (Depths:4)
  2 spriggan skeletons
  A tengu simulacrum (Depths:4)
  19 merfolk
  6 polar bears
  A hornet (Gauntlet)
  3 wind drakes
  A glass eye (Slime:4)
  3 blink frogs
  A snapping turtle (Shoals:3)
  6 dream sheep (Lair:5)
  2 raiju (Abyss:1)
  A snapping turtle (shapeshifter) (Vaults:5)
  An air elemental (Elf:2)
  3 spriggans
  A shadow (D:10)
  50 slime creatures
  A vampire (Vaults:3)
  8 yaks
  3 water elementals
  4 wraiths
  A fire elemental (Elf:2)
  2 basilisks
  2 neqoxecs
  A golden eye (Slime:1)
  A hog (shapeshifter) (D:15)
  A wind drake skeleton (Crypt:2)
  4 vampire mosquitoes
  2 wargs (Snake:4)
  2 redbacks
  9 nagas
  An acid dragon (D:10)
  A water nymph zombie (Crypt:2)
  A hell hound (Snake:2)
  4 water moccasins
  8 orc warriors
  A black bear (Lair:5)
  3 laughing skulls
  2 ogres
  2 sky beasts (D:6)
  8 wolves
  2 boggarts (Lair:5)
  4 centaurs
  4 kobold brigands
  A weeping skull (Abyss:1)
  5 bullfrogs
  An earth elemental (Elf:2)
  2 small abominations (Abyss:1)
  A scorpion (D:5)
  A burial acolyte (Crypt:3)
  8 killer bees
  An electric eel (D:12)
  A hound (D:6)
  2 gnoll boudas
  7 orc priests
  A jelly (Orc:2)
  An iguana (D:7)
  2 sleepcaps
  10 orc wizards
  A hell rat (Lair:5)
  2 adders
  9 gnolls
  A swamp drake skeleton (Crypt:1)
  An ufetubus (D:5)
  25 orcs
  4 kobolds
  2 aspiring fleshes
800 creatures vanquished.

Vanquished Creatures (others)
  The ghost of Qedwod the Pyromancer, a veteran DrFE of Vehumet (Vaults:1)
  Josephina (Depths:3)
  An Orb Guardian (Zot:5)
  A two-headed ogre (D:11)
  A spriggan simulacrum (Depths:4)
  2 deep elf pyromancers
  2 orc wizards (Orc:2)
  92 battlemagi
  An orc (D:12)
  3 ball lightnings (Vaults:1)
  2 foxfires (Orc:2)
  5 tentacles (Shoals:2)
112 creatures vanquished.

Grand Total: 2842 creatures vanquished

Notes
Turn   | Place    | Note
-------+----------+-------------------------------------------
     0 | D:5      | SunderingTitan the Draconian Delver began the quest for the
                  | Orb.
     0 | D:5      | Reached XP level 1. HP: 19/19 MP: 1/1
     3 | D:5      | Noticed an iguana
   306 | D:3      | Noticed Natasha
   316 | D:3      | Noticed a cerulean imp
   317 | D:3      | Noticed a cerulean imp
   319 | D:3      | Killed Natasha
   320 | D:3      | Reached XP level 2. HP: 17/27 MP: 2/2
   320 | D:3      | Reached XP level 3. HP: 20/33 MP: 3/3
   621 | D:2      | Found Fithoell's Jewellery Emporium.
   896 | D:2      | Found a runed translucent door.
   897 | D:2      | Noticed Crazy Yiuf
  1565 | D:1      | Reached XP level 4. HP: 37/40 MP: 4/4
  1650 | D:1      | Reached skill level 1 in Ranged Weapons
  1654 | D:1      | Reached skill level 4 in Fighting
  2160 | D:3      | Reached skill level 5 in Stealth
  2530 | D:4      | Reached XP level 5. HP: 46/46 MP: 5/5
  2535 | D:4      | Found a staircase to the Ecumenical Temple.
  2557 | D:4      | Found Zosirias's Book Emporium.
  2613 | Temple   | Entered the Ecumenical Temple
  2652 | Temple   | Became a worshipper of Hepliaklqana the Forgotten
  3265 | D:4      | Found the amulet of Elemental Vulnerability {rPois rF--
                  | rC-- AC+8}
  3289 | D:4      | Noticed a steam dragon
  3295 | D:4      | Killed a steam dragon
  3296 | D:4      | Reached XP level 6. HP: 51/53 MP: 6/6
  3742 | D:5      | Reached skill level 5 in Fighting
  3742 | D:5      | Your scales start taking on a lurid green colour.
  3742 | D:5      | Reached XP level 7. HP: 46/61 MP: 7/7
  3742 | D:5      | Gained mutation: Your system is resistant to poisons.
                  | (rPois) [Green Draconian growth]
  3823 | D:5      | Reached * piety under Hepliaklqana
  4851 | D:6      | Reached XP level 8. HP: 55/63 MP: 8/8
  4870 | D:6      | Reached skill level 5 in Ranged Weapons
  4974 | D:6      | Reached skill level 6 in Fighting
  5208 | D:6      | Reached ** piety under Hepliaklqana
  5209 | D:6      | Remembered your ancestor Soyprihy as a battlemage
  5706 | D:7      | Found a shimmering blue altar of Sif Muna.
  5763 | D:7      | Reached skill level 5 in Dodging
  6334 | D:8      | Reached XP level 9. HP: 53/70 MP: 9/9
  6339 | D:8      | Reached skill level 7 in Fighting
  6443 | D:8      | Reached *** piety under Hepliaklqana
  6463 | D:8      | Noticed Gastronok
  6472 | D:8      | Killed Gastronok
  6510 | D:8      | Found an ornate altar of the Wu Jian Council.
  6545 | D:8      | Noticed a polar bear
  6547 | D:8      | Noticed a rime drake
  6552 | D:8      | Killed a polar bear
  6553 | D:8      | Reached skill level 8 in Fighting
  6561 | D:8      | Killed a rime drake
  6719 | D:8      | Found a staircase to the Lair.
  6732 | D:8      | Reached XP level 10. HP: 81/81 MP: 10/10
  7445 | D:9      | Reached skill level 9 in Fighting
  7624 | D:9      | Noticed Maggie
  7733 | D:9      | Killed Maggie
  7789 | D:9      | Noticed Joseph
  7821 | D:9      | Killed Joseph
  7822 | D:9      | Reached skill level 10 in Ranged Weapons
  8683 | D:9      | Reached XP level 11. HP: 89/89 MP: 11/11
  8881 | D:10     | Entered Level 10 of the Dungeon
  8926 | D:10     | Reached **** piety under Hepliaklqana
  9028 | D:10     | Reached skill level 10 in Fighting
  9455 | D:10     | Noticed a two-headed ogre
  9463 | D:10     | Killed a two-headed ogre
  9695 | D:10     | Identified 3 scrolls of acquirement
  9696 | D:10     | Acquired the +0 pair of gloves of the Merchant {rCorr
                  | Str+2}
  9697 | D:10     | Acquired 906 gold pieces
  9698 | D:10     | Acquired a +1 arbalest of electrocution
  9890 | D:11     | Noticed a two-headed ogre
  9895 | D:11     | Killed a two-headed ogre
  9902 | D:11     | Reached ***** piety under Hepliaklqana
  9977 | D:11     | Noticed a white ugly thing
  9981 | D:11     | Killed a white ugly thing
 10057 | D:11     | Found Uran's Assorted Antiques.
 10065 | D:11     | Bought 2 fuming coppery potions for 57 gold pieces
 10065 | D:11     | Bought 2 glowing yellow potions for 57 gold pieces
 10065 | D:11     | Bought a grey potion for 28 gold pieces
 10065 | D:11     | Bought a smoky black potion for 28 gold pieces
 10065 | D:11     | Bought a scroll of enchant weapon for 240 gold pieces
 10101 | D:11     | Noticed a centaur warrior
 10101 | D:11     | Noticed a two-headed ogre
 10208 | D:11     | Killed a two-headed ogre
 10212 | D:11     | Killed a centaur warrior
 10336 | D:11     | Noticed a cyan ugly thing
 10340 | D:11     | Killed a cyan ugly thing
 10539 | D:12     | Found Begahergh's Antique Armour Shoppe.
 10543 | D:12     | Reached skill level 11 in Fighting
 10722 | D:12     | Noticed a two-headed ogre
 10726 | D:12     | Killed a two-headed ogre
 10727 | D:12     | Reached XP level 12. HP: 99/99 MP: 12/12
 10818 | D:12     | Noticed a boulder beetle
 10821 | D:12     | Killed a boulder beetle
 11335 | D:12     | Found a staircase to the Orcish Mines.
 11557 | Lair:1   | Entered Level 1 of the Lair of Beasts
 11595 | Lair:1   | Noticed a catoblepas
 11602 | Lair:1   | Killed a catoblepas
 11619 | Lair:1   | Found a gate leading to a gauntlet.
 11628 | Gauntlet | Entered a Gauntlet
 11628 | Gauntlet | Found a transporter.
 11628 | Gauntlet | Found a transporter.
 11632 | Gauntlet | Found a transporter.
 11632 | Gauntlet | Found a transporter.
 11643 | Gauntlet | Found a transporter.
 11654 | Gauntlet | Found a transporter.
 11660 | Gauntlet | Found a transporter.
 11660 | Gauntlet | Found a transporter.
 11662 | Gauntlet | Noticed a death yak
 11662 | Gauntlet | Noticed a death yak
 11663 | Gauntlet | Noticed a death yak
 11664 | Gauntlet | Noticed a death yak
 11680 | Gauntlet | Noticed a catoblepas
 11684 | Gauntlet | Found a transporter.
 11691 | Gauntlet | Found a transporter.
 11703 | Gauntlet | Found a transporter.
 11721 | Gauntlet | Found a transporter.
 11767 | Gauntlet | Found a transporter.
 11783 | Gauntlet | Found a transporter.
 11883 | Gauntlet | Found a transporter.
 11898 | Gauntlet | Found a transporter.
 12155 | Gauntlet | Reached skill level 12 in Fighting
 12254 | Gauntlet | Identified the ring "Noloucvo" {rElec MP+9 Str+6}
 12254 | Gauntlet | Noticed a minotaur
 12266 | Gauntlet | Killed a minotaur
 12267 | Gauntlet | Reached skill level 10 in Dodging
 12405 | Gauntlet | Identified the +1 ring mail of Negligence {rC+ SInv}
 12623 | Lair:1   | Acquired 850 gold pieces
 13199 | D:12     | Bought the +3 pair of gauntlets of War {Slay+5} for 1615
                  | gold pieces
 13199 | D:12     | Found the +3 pair of gauntlets of War {Slay+5}
 13486 | Lair:2   | Reached XP level 13. HP: 107/107 MP: 13/13
 13539 | Lair:2   | Found a staircase to the Snake Pit.
 13772 | Lair:2   | Found a staircase to the Shoals.
 14294 | Lair:3   | Found a frozen archway.
 14299 | Lair:3   | Reached skill level 13 in Fighting
 14314 | IceCv    | Entered an ice cave
 14365 | IceCv    | Reached skill level 1 in Invocations
 14476 | IceCv    | Reached ****** piety under Hepliaklqana
 14561 | IceCv    | Noticed a frost giant
 14577 | IceCv    | Killed a frost giant
 14578 | IceCv    | Reached skill level 15 in Ranged Weapons
 14633 | IceCv    | Identified the staff of the Terrible God {*Slow Fly rPois
                  | Conj Summ}
 14637 | IceCv    | Acquired the ring of Grontol {rF+ rC+ Int+5}
 15125 | Lair:3   | Noticed Urug
 15132 | Lair:3   | Killed Urug
 15133 | Lair:3   | Gained mutation: Your tail ends in a venomous barb. [Green
                  | Draconian growth]
 15133 | Lair:3   | Reached XP level 14. HP: 116/116 MP: 17/17
 15549 | Lair:3   | Found a shimmering altar of Xom.
 16025 | Lair:4   | Reached skill level 5 in Invocations
 16058 | Lair:4   | Got the Anthology of Hexing and Rime
 16426 | Lair:4   | Noticed Rupert
 16440 | Lair:4   | Killed Rupert
 16563 | Lair:4   | Noticed Sonja
 16564 | Lair:4   | Killed Sonja
 16751 | Lair:4   | Found a viscous altar of Jiyva.
 16806 | Lair:4   | Reached skill level 14 in Fighting
 16826 | Lair:4   | Found a staircase to the Slime Pits.
 17283 | Lair:5   | Entered Level 5 of the Lair of Beasts
 17816 | Lair:5   | Identified the +2 mace "Dragon's Tongue" {flame, Int+3
                  | Stlth+}
 18487 | Orc:1    | Entered Level 1 of the Orcish Mines
 18781 | Orc:2    | Entered Level 2 of the Orcish Mines
 19115 | Orc:2    | Reached XP level 15. HP: 112/125 MP: 20/20
 19167 | Orc:2    | Paralysed by an orc sorcerer for 2 turns
 19315 | Orc:2    | Paralysed by an orc sorcerer for 3 turns
 19412 | Abyss:1  | Cast into level 1 of the Abyss (Erolcha)
 19424 | Abyss:1  | Noticed a tentacled starspawn
 19435 | Abyss:1  | Killed a tentacled starspawn
 19922 | Orc:2    | Escaped the Abyss
 19922 | Orc:2    | Noticed Erolcha
 19942 | Orc:2    | Reached skill level 15 in Fighting
 19959 | Orc:2    | Killed Erolcha
 20053 | Orc:2    | Found Daolowku's Magic Scroll Shop.
 20062 | Orc:2    | Bought a scroll of teleportation for 45 gold pieces
 20062 | Orc:2    | Bought a scroll of teleportation for 45 gold pieces
 20062 | Orc:2    | Bought a scroll of teleportation for 45 gold pieces
 20067 | Orc:2    | Found a staircase to the Elven Halls.
 20278 | Orc:2    | Found Luessunn's General Store.
 20278 | Orc:2    | Found Obbaer's Jewellery Shoppe.
 20279 | Orc:2    | Found Iwuaguav's General Store.
 20283 | Orc:2    | Found Caysm's Book Emporium.
 20287 | Orc:2    | Bought a scroll of enchant weapon for 120 gold pieces
 20397 | Orc:2    | Gained mutation: You are frail. (-10% HP) [a neqoxec]
 20632 | D:13     | Identified the +0 pair of gloves of Vehumet, Usurping
                  | {rPois}
 20662 | D:13     | Found a gate to the Vaults.
 21260 | D:13     | Found Dielyth's Armour Shoppe.
 21624 | D:14     | Found Etuli's Serpentskin Sales.
 22215 | D:15     | Entered Level 15 of the Dungeon
 22367 | D:15     | Reached XP level 16. HP: 119/119 MP: 22/22
 23008 | D:15     | Found a staircase to the Depths.
 23328 | Snake:1  | Entered Level 1 of the Snake Pit
 23366 | Snake:1  | Identified the +2 trident of Hepliaklqana, Imbibing {heavy,
                  | Will- rCorr Str+2}
 23389 | Snake:1  | Reached skill level 16 in Fighting
 23419 | Snake:1  | Reached skill level 10 in Invocations
 23665 | Snake:1  | Found Eraybigo's CLEARANCE SALE!.
 23770 | Snake:1  | Noticed Roxanne
 23783 | Snake:1  | Killed Roxanne
 24344 | Snake:2  | You fall into a shaft and drop 1 floor!
 24469 | Snake:2  | Reached skill level 17 in Fighting
 24618 | Snake:2  | Found Okossaom's Antique Weapon Shoppe.
 24618 | Snake:2  | Found Nyrua's Magic Scroll Emporium.
 24635 | Snake:2  | Bought a scroll of teleportation for 60 gold pieces
 24645 | Snake:2  | Noticed Nikola
 24655 | Snake:2  | Killed Nikola
 24743 | Snake:2  | Found a runed translucent gate.
 24745 | Snake:2  | Found a runed translucent gate.
 24746 | Snake:2  | Found a runed translucent gate.
 24957 | Snake:2  | Noticed Azrael
 24963 | Snake:2  | Killed Azrael
 25219 | Snake:2  | Noticed t4s4d4r's ghost (adept CoFi)
 25219 | Snake:2  | Noticed Pitzov's ghost (adept DECj)
 25318 | Snake:3  | Found Utugh's Jewellery Shop.
 25320 | Snake:3  | Found Ontat's General Store.
 25323 | Snake:3  | Found Nadee's Antique Weapon Shop.
 25520 | Snake:3  | Found a runed translucent door.
 25522 | Snake:3  | Noticed seren's ghost (adept CoGl)
 25556 | Snake:3  | Reached XP level 17. HP: 120/129 MP: 24/24
 25577 | Snake:3  | Identified the serpent talisman "Kugui" {rN++}
 25577 | Snake:3  | Noticed Aizul
 25582 | Snake:3  | Killed Aizul
 25839 | Snake:3  | Found Ubroqim's Weapon Shoppe.
 25943 | Snake:3  | Reached skill level 15 in Dodging
 26158 | Snake:3  | Killed seren's ghost
 26190 | Snake:4  | Entered Level 4 of the Snake Pit
 26300 | Snake:4  | Reached skill level 18 in Fighting
 27235 | Snake:4  | Noticed Saint Roka
 27238 | Snake:4  | Noticed Vashnia
 27492 | Snake:4  | Killed Vashnia
 27493 | Snake:4  | Reached skill level 19 in Fighting
 27626 | Snake:4  | Killed Saint Roka
 27824 | Snake:4  | Found an iron altar of Okawaru.
 27849 | Snake:4  | Got a serpentine rune of Zot
 28286 | Snake:4  | Reached XP level 18. HP: 90/141 MP: 25/25
 28728 | Lair:2   | Lost mutation: You are frail. (-10% HP) [potion of
                  | mutation]
 28728 | Lair:2   | Gained mutation: Your spells are a little harder to cast,
                  | but a little more powerful. [potion of mutation]
 28728 | Lair:2   | Gained mutation: You expend magic power (3 MP) to
                  | strengthen your wands. [potion of mutation]
 28771 | Shoals:1 | Entered Level 1 of the Shoals
 28935 | Shoals:1 | Noticed Louise
 28949 | Shoals:1 | Killed Louise
 29162 | Shoals:1 | Reached skill level 20 in Fighting
 29790 | Orc:2    | Bought the +3 pair of mountain boots {steadfast, rC+} for
                  | 536 gold pieces
 29790 | Orc:2    | Found the +3 pair of mountain boots {steadfast, rC+}
 30286 | Shoals:2 | Got the Thoughts on Electricity
 30679 | Shoals:2 | Found a runed translucent door.
 30886 | Shoals:2 | Found a corrupted altar of Lugonu.
 30886 | Shoals:2 | Found a one-way gate to the infinite horrors of the Abyss.
 30901 | Shoals:3 | Found Ceruump's Antique Weapon Boutique.
 31154 | Shoals:3 | Found Taoch's Antique Weapon Shop.
 31797 | Shoals:4 | Entered Level 4 of the Shoals
 31857 | Shoals:4 | Reached skill level 21 in Fighting
 31979 | Shoals:4 | Found Faphoga's Jewellery Shoppe.
 32297 | Shoals:4 | Identified the +4 war axe of a bailey {speed, ^Contam rElec
                  | rCorr Dex+2}
 32467 | Shoals:4 | Reached XP level 19. HP: 167/171 MP: 26/26
 32620 | Shoals:4 | Got a barnacled rune of Zot
 33178 | Vaults:1 | Entered Level 1 of the Vaults
 33311 | Vaults:1 | Found a large runed translucent door.
 33311 | Vaults:1 | Found a large runed translucent door.
 33345 | Vaults:1 | Found Luschairgh's Jewellery Boutique.
 33663 | Vaults:1 | Reached skill level 22 in Fighting
 33700 | Vaults:1 | Noticed Qedwod's ghost (veteran DrFE)
 33872 | Vaults:1 | Acquired a manual of Invocations
 33879 | Vaults:1 | Got Advanced Steps in Spellweaving
 34707 | Vaults:2 | Identified the amulet "Imoqoyli" {Reflect rElec rN++ Str+3
                  | Dex-3 SH+5}
 34855 | Vaults:2 | Found a glowing golden altar of the Shining One.
 35325 | Vaults:1 | Killed Qedwod's ghost
 35731 | Vaults:2 | Reached XP level 20. HP: 181/181 MP: 29/29
 35783 | Vaults:2 | Reached skill level 23 in Fighting
 36538 | Vaults:3 | Found a large runed translucent door.
 36538 | Vaults:3 | Found a large runed translucent door.
 36538 | Vaults:3 | Found a large runed translucent door.
 36538 | Vaults:3 | Found a large runed translucent door.
 36538 | Vaults:3 | Found a large runed translucent door.
 36538 | Vaults:3 | Found a large runed translucent door.
 36538 | Vaults:3 | Noticed Kamets Paeg's ghost (master HuCj)
 36539 | Vaults:3 | Found a large runed translucent door.
 36539 | Vaults:3 | Found a large runed translucent door.
 36798 | Vaults:3 | Found Rifeafau's Distillery.
 36805 | Vaults:3 | Bought a potion of heal wounds for 75 gold pieces
 36805 | Vaults:3 | Bought a potion of curing for 45 gold pieces
 36902 | Vaults:3 | Found Peamejox's Antique Weapon Emporium.
 36911 | Vaults:3 | Bought a steaming arbalest for 304 gold pieces
 36911 | Vaults:3 | Identified the +6 arbalest of Tuzannel {drain, rF+ Str+3}
                  | (You bought it in a shop on level 3 of the Vaults)
 36943 | Vaults:3 | Identified the ring of Nophoc {Wiz Int+3 SInv}
 37030 | Vaults:3 | Found a staircase to the Crypt.
 37812 | Vaults:4 | Reached skill level 15 in Invocations
 39061 | Elf:1    | Entered Level 1 of the Elven Halls
 39061 | Elf:1    | Noticed Jorgrun
 39070 | Elf:1    | Killed Jorgrun
 39165 | Elf:1    | Found Dead's Magic Scroll Shop.
 39173 | Elf:1    | Bought a scroll of enchant weapon for 112 gold pieces
 39173 | Elf:1    | Bought a scroll of teleportation for 45 gold pieces
 39241 | Elf:1    | Noticed Donald
 39258 | Elf:1    | Killed Donald
 39259 | Elf:1    | Reached skill level 24 in Fighting
 39455 | Elf:1    | Reached XP level 21. HP: 192/192 MP: 33/33
 39575 | Elf:1    | Found Fiocegimp's Book Shoppe.
 39843 | Elf:1    | Identified the ring "Gecoma" {Fly rC+ rCorr}
 39874 | Elf:1    | Found Waqy's Book Shop.
 39893 | Elf:1    | Found Arhoygg's General Store.
 39927 | Elf:1    | Bought a scroll of teleportation for 60 gold pieces
 39927 | Elf:1    | Bought a potion of heal wounds for 100 gold pieces
 40021 | Elf:1    | Found Hoanokhlu's Assorted Antiques.
 40202 | Elf:2    | Gained mutation: You are weak. (Str -2) [a shining eye]
 40217 | Elf:2    | Found Lacemavo's Book Emporium.
 40347 | Elf:2    | Found Jutzextu's Firing Range.
 40512 | Elf:2    | Found a runed translucent gate.
 40512 | Elf:2    | Found a runed translucent gate.
 40512 | Elf:2    | Found a runed translucent gate.
 40762 | Elf:2    | Identified the +3 chain mail of Vehumet's Pride {rPois
                  | Will++ Str+3 Int-3}
 40860 | Elf:2    | Bought a manual of Ranged Weapons for 1200 gold pieces
 41377 | Elf:3    | Entered Level 3 of the Elven Halls
 41444 | Elf:3    | Found a transporter.
 41473 | Elf:3    | Found a transporter.
 41473 | Elf:3    | Found Capnas's Armour Boutique.
 41518 | Elf:3    | Found Lelov's Book Shop.
 41587 | Elf:2    | Found a radiant altar of Vehumet.
 41667 | Elf:3    | Found Tod Joje's Assorted Antiques.
 41682 | Elf:3    | Found Dawips's Antique Armour Shop.
 42131 | Elf:3    | Found Digaguz's Distillery.
 42300 | Elf:3    | Got the Compilation of the Cumulonimbus
 42305 | Elf:3    | Identified the +2 leather armour "Xufo" {Str+4}
 42312 | Elf:3    | Identified the +7 dire flail "Xeuned" {antimagic, Dex+2}
 42324 | Elf:3    | Acquired the +0 hat "Urghorgh" {rElec MP+9}
 42389 | Elf:3    | Identified the ring "Rerib" {rC+ Dex+3 SInv}
 42405 | Elf:3    | Identified the staff "Aschery" {rF+ Str+3 Dex+5 Fire}
 42405 | Elf:3    | Found the ring of Shadows {Umbra +Inv Stlth+}
 42416 | Elf:3    | Identified the +0 robe of Abstinence {rPois rF+ Dex+2}
 42421 | Elf:3    | Identified the +1 robe of Terror {-Tele rPois Stlth+}
 42795 | Depths:1 | Entered Level 1 of the Depths
 42859 | Depths:1 | Found a one-way gate leading to the halls of Pandemonium.
 42918 | Depths:1 | Reached XP level 22. HP: 201/201 MP: 35/35
 43305 | Depths:1 | Found the +8 orange crystal plate armour {Archmagi, Int+3
                  | Clar}
 43568 | Depths:1 | Noticed Agnes
 43573 | Depths:1 | Killed Agnes
 43710 | Depths:1 | Found a sacrificial altar of Ru.
 43739 | Depths:1 | Identified the orb "Kibi" {*channel, -Tele rN+ Slay+4 Fire}
 43739 | Depths:1 | Noticed Frederick
 43792 | Depths:1 | Killed Frederick
 44023 | Depths:1 | Found a gateway to Hell.
 44550 | Depths:2 | Paralysed by a vampire knight for 4 turns
 44597 | Depths:2 | Learned a level 2 spell: Blink
 44602 | Depths:2 | Learned a level 4 spell: Dimensional Bullseye
 45349 | Depths:2 | Found Ifanwyb's Distillery.
 45355 | Depths:2 | Bought a potion of heal wounds for 55 gold pieces
 45355 | Depths:2 | Bought a potion of cancellation for 88 gold pieces
 45609 | Depths:3 | Noticed a caustic shrike
 45634 | Depths:2 | Killed a caustic shrike
 45780 | Depths:3 | Found a one-way gateway to a ziggurat.
 45781 | Depths:3 | Found Niffiem's Weapon Boutique.
 46000 | Depths:3 | Identified the +0 leather armour of the Journeyman {Int+6}
 46006 | Depths:3 | Identified the staff of Melee {*Slow ^Fragile rElec rC+++
                  | rN+ Necro}
 46010 | Depths:3 | Identified the +6 quarterstaff "Ilyigheem" {flame, rF+
                  | Will+ rCorr}
 46014 | Depths:3 | Identified the staff of Famine {rElec SInv Air}
 46192 | Depths:3 | Reached XP level 23. HP: 207/207 MP: 36/36
 46431 | Depths:3 | Found a stormy altar of Qazlal.
 46869 | Depths:4 | Entered Level 4 of the Depths
 46884 | Depths:4 | Identified the ring "Ropouph" {Ice *Corrode rPois Int+3
                  | Dex+2}
 46884 | Depths:4 | Noticed Josephina
 47017 | Depths:3 | Killed Josephina
 47577 | Depths:4 | Identified the ring "Genwyt" {rPois rN+ Stlth+}
 47594 | Depths:4 | Noticed a caustic shrike
 47600 | Depths:4 | Killed a caustic shrike
 48017 | Depths:4 | Found a gate to the Realm of Zot.
 48755 | D:2      | Killed Crazy Yiuf
 49006 | Shoals:2 | Paralysed by an apocalypse crab for 1 turns
 49275 | Snake:2  | Killed t4s4d4r's ghost
 49276 | Snake:2  | Killed Pitzov's ghost
 49803 | Vaults:3 | Killed Kamets Paeg's ghost
 49981 | Crypt:1  | Entered Level 1 of the Crypt
 50022 | Crypt:1  | Reached skill level 1 in Translocations
 50028 | Crypt:1  | Reached skill level 1 in Spellcasting
 50028 | Crypt:1  | Reached skill level 1 in Hexes
 50474 | Crypt:1  | Acquired a +0 hand cannon of flaming
 51011 | Crypt:2  | Reached XP level 24. HP: 215/215 MP: 36/36
 51647 | Crypt:3  | Entered Level 3 of the Crypt
 51864 | Crypt:3  | Reached skill level 5 in Translocations
 51866 | Crypt:3  | Found a basalt altar of Yredelemnul.
 52014 | Crypt:3  | Reached skill level 5 in Spellcasting
 52061 | Crypt:3  | Reached skill level 5 in Hexes
 52175 | Crypt:3  | Identified the staff of Uggosch {rF+ Dex+3 SInv Stlth+
                  | Fire}
 52522 | Crypt:3  | Found a staircase to the Tomb.
 52522 | Crypt:3  | Noticed a dread lich
 52527 | Crypt:3  | Killed a dread lich
 52550 | Crypt:3  | Got the Lessons on the Torch
 52565 | Crypt:3  | Identified the staff "Hezxaog" {rPois rC+ Alchemy}
 53662 | Slime:1  | Entered Level 1 of the Pits of Slime
 54723 | Slime:2  | Gained mutation: You are very weak. (Str -4) [a shining
                  | eye]
 55893 | Orc:2    | Bought the +2 shield of Resistance {rF++ rC++ Will++} for
                  | 1128 gold pieces
 55893 | Orc:2    | Found the +2 shield of Resistance {rF++ rC++ Will++}
 56258 | Slime:5  | Entered Level 5 of the Pits of Slime
 56551 | Slime:5  | Noticed the Royal Jelly
 56568 | Slime:5  | Killed the Royal Jelly
 56637 | Slime:5  | Found the +8 autumn katana {manifold assault}
 56652 | Slime:5  | Got a slimy rune of Zot
 56654 | Slime:5  | Got the Codex of Crystalline Calling
 56802 | Slime:5  | Identified the staff "Cain" {rPois rF- Int+5 Conj}
 56804 | Slime:5  | Identified the +2 ice dragon scales of the Sky {rF- rC++
                  | rN++ Int+3 Dex-5}
 57156 | Slime:4  | Reached XP level 25. HP: 222/222 MP: 36/36
 57784 | D:8      | Acquired a manual of Invocations
 58012 | Vaults:5 | Entered Level 5 of the Vaults
 58050 | Vaults:5 | Identified the +4 robe of the Iron Devil {rN+ Int+3}
 58050 | Vaults:5 | Noticed Boris
 58063 | Vaults:5 | Killed Boris
 58074 | Vaults:5 | Reached skill level 25 in Fighting
 58206 | Vaults:5 | Identified the +7 morningstar "Beetlebane" {antimagic,
                  | Dex+3}
 58341 | Vaults:5 | Noticed a dread lich
 58409 | Vaults:5 | Killed an ancient lich
 58494 | Vaults:5 | Killed a dread lich
 58780 | Vaults:5 | Got the Discursus on Blazing Turbulence
 58972 | Vaults:5 | Got a silver rune of Zot
 59792 | Zot:1    | Entered Level 1 of the Realm of Zot
 59933 | Zot:1    | Found the +4 dragonskin cloak
 59933 | Zot:1    | Noticed Tiamat
 59934 | Zot:1    | Reached skill level 26 in Fighting
 59947 | Zot:1    | Killed Tiamat
 60127 | Zot:1    | Reached XP level 26. HP: 122/234 MP: 37/37
 60725 | Zot:1    | Noticed Vv
 60737 | Zot:1    | Killed Vv
 62023 | Zot:3    | Reached skill level 27 in Fighting
 62056 | Zot:3    | Noticed an orb of fire
 62059 | Zot:3    | Killed an orb of fire
 62506 | Zot:3    | Noticed an orb of fire
 62509 | Zot:3    | Killed an orb of fire
 63122 | Zot:4    | Reached XP level 27. HP: 240/245 MP: 38/38
 63282 | Zot:4    | Identified the +2 leather armour of the Komodo Dragon
                  | {^Contam +Blink Int+5 SInv}
 64146 | Zot:5    | Entered Level 5 of the Realm of Zot
 64312 | Zot:5    | Noticed an orb of fire
 64316 | Zot:5    | Gained mutation: Your health recovers twice as slowly from
                  | being drained. [an orb of fire]
 64317 | Zot:5    | Killed an orb of fire
 64516 | Zot:5    | Noticed an orb of fire
 64524 | Zot:5    | Killed an orb of fire
 64659 | Zot:5    | Noticed an orb of fire
 64662 | Zot:5    | Killed an orb of fire
 64888 | Zot:5    | Noticed an ancient lich
 64892 | Zot:5    | Killed an ancient lich
 64898 | Zot:5    | Noticed an orb of fire
 64905 | Zot:5    | Killed an orb of fire
 64905 | Zot:5    | Noticed a dread lich
 64910 | Zot:5    | Noticed an orb of fire
 64988 | Zot:5    | Killed a dread lich
 65023 | Zot:5    | Killed an orb of fire
 65227 | Zot:5    | Noticed an orb of fire
 65231 | Zot:5    | Killed an orb of fire
 65232 | Zot:5    | Noticed an orb of fire
 65233 | Zot:5    | Noticed an orb of fire
 65234 | Zot:5    | Noticed an orb of fire
 65236 | Zot:5    | Killed an orb of fire
 65245 | Zot:5    | Noticed an orb of fire
 65247 | Zot:5    | Gained mutation: Your body sometimes deteriorates upon
                  | taking damage. [an orb of fire]
 65248 | Zot:5    | Gained mutation: You sometimes lose your temper in combat.
                  | [an orb of fire]
 65250 | Zot:5    | Noticed an ancient lich
 65258 | Zot:5    | Killed an orb of fire
 65458 | Zot:5    | Killed an ancient lich
 65549 | Zot:5    | Gained mutation: Your body often deteriorates upon taking
                  | damage. [an orb of fire]
 65551 | Zot:5    | Killed an orb of fire
 65577 | Zot:5    | Gained mutation: You occasionally lose the ability to read
                  | scrolls when taking damage. [an orb of fire]
 65581 | Zot:5    | Killed an orb of fire
 65708 | Zot:5    | Got the Orb of Zot
 66392 | D:5      | Lost mutation: You expend magic power (3 MP) to strengthen
                  | your wands. [potion of mutation]
 66392 | D:5      | Lost mutation: You occasionally lose the ability to read
                  | scrolls when taking damage. [potion of mutation]
 66392 | D:5      | Gained mutation: You have large cloven feet. [potion of
                  | mutation]
 66392 | D:5      | Lost mutation: You sometimes lose your temper in combat.
                  | [potion of mutation]
 66392 | D:5      | Gained mutation: You are frail. (-10% HP) [potion of
                  | mutation]
 66516 | Temple   | Fell from the grace of Hepliaklqana
 66516 | Temple   | Became a worshipper of Elyvilon the Healer
 66662 | D:$      | Escaped with the Orb!

Illustrated notes

Levels and vault maps discovered:
D:1:      giann_wishing_wells, layout_rooms
D:2:      layout_loops_corners, serial_shops, nicolae_shop_hallway_plus,
          uniq_crazy_yiuf_cottage
D:3:      layout_basic, chequers_serial_rivers_large_b, uniq_natasha
D:4:      layout_loops_ring, minmay_temple_entry_overgrown, serial_shops,
          nicolae_shop_statue_plus, cheibrodos_sewer_entry_bend
D:5:      layout_gridville, grunt_ministairs_15, hex_medium
D:6:      layout_cave_pools
D:7:      layout_basic, mainiacjoe_overflow_six_doors_small,
          hangedman_abyss_or_decor_stagger
D:8:      layout_basic, nicolae_wu_jian_glorious_leap, hellmonk_lair_entry_icy,
          serial_library_hellmonk_statue_hall, uniq_gastronok
D:9:      kennysheep_seaside_town, layout_loops_ring, uniq_joseph, uniq_maggie
D:10:     layout_irregular_city
D:11:     layout_loops_ring, nicolae_stop_n_shop_2
D:12:     layout_basic, erik_orc_2, serial_shops, nicolae_diamond_shop
D:13:     layout_long_grid, skrybe_vaults_entry_preservation, serial_shops,
          nicolae_shop_real_fake_doors, kennysheep_four_rooms
D:14:     layout_irregular_city, kennysheep_doodads, guppyfry_shop_venom
D:15:     hellmonk_depths_entry_around_the_bend, layout_small_grid,
          minmay_misc_feat_alley
Temple:   mainiacjoe_temple_cubbyholes
Lair:1:   hellmonk_destroyed_diamonds, layout_chaotic_city,
          gauntlet_entry_generic
Lair:2:   layout_loops_ring, minmay_shoals_entry_beasts,
          minmay_snake_entry_six_corridors, serial_bayou_pond_c,
          infiniplex_staircase_pool
Lair:3:   layout_long_grid, portal_ice_cave_rime, lemuel_centaur_altar,
          grunt_megastairs_4, serial_bayou_shore_a, uniq_urug
Lair:4:   layout_cave_pods, minmay_slime_entry_oklob_enclosed,
          lemuel_fruit_tree, uniq_sonja, uniq_rupert
Lair:5:   minmay_lair_end_enchanted_forest, layout_loops_ring
Shoals:1: layout_shoals, nicolae_shoals_nymph_descending_staircase, uniq_louise
Shoals:2: layout_shoals, nicolae_shoals_abyss_on_the_beach
Shoals:3: layout_shoals, serial_shops, shop, nicolae_stop_n_shop_2,
          nicolae_shoals_secluded_bog
Shoals:4: shoals_end_grunt_ice, layout_shoals, serial_shops,
          nicolae_shop_gaudy_bauble
Snake:1:  layout_honeycomb, nicolae_shop_clearance, serial_bayou_shore_b,
          uniq_roxanne
Snake:2:  layout_cave_pods, gammafunk_ghost_cemetery,
          nrook_guardian_serpent_ordinary, minmay_shoptagon, uniq_nikola,
          uniq_azrael
Snake:3:  layout_honeycomb, serial_shops, shop, gammafunk_ghost_grave,
          minmay_shop_star, uniq_aizul
Snake:4:  grunt_snake_rune_serpentine_throne, layout_basic,
          nicolae_snake_salamander_fort, uniq_saint_roka
Slime:1:  layout_caves
Slime:2:  layout_caves, nicolae_slime_crime_time
Slime:3:  layout_caves
Slime:4:  layout_caves, nicolae_slime_barrier
Slime:5:  slime_pit_nicolae_trefoil
Orc:1:    layout_diamond_mine
Orc:2:    st_orc_mages, layout_caves, serial_shops, nicolae_diamond_shop,
          uniq_erolcha
Elf:1:    nicolae_elf_arrival_fired_up, layout_loops_corners, serial_shops,
          nicolae_shop_behind_doors, shop, shop, shop, nicolae_shop_stone,
          hangedman_elven_crosses_minicolossus, nicolae_twisty_statue_hallways,
          uniq_agnes, uniq_jorgrun, uniq_donald
Elf:2:    nicolae_elf_blades_splatter_lattice [nicolae_blade_bullseye],
          layout_geoelf_grid, serial_shops, nicolae_take_the_stairs,
          minmay_strange_pillars, minmay_misc_feat_cross,
          nicolae_shop_firing_range, lemuel_upstairs_altar
Elf:3:    elf_hall, layout_gridlike, serial_shops, shop,
          nicolae_shop_overgrown_old_shop, nicolae_book_shop_shelving,
          nicolae_shop_drivethru, shop, nicolae_zig_zag_zippers
Vaults:1: ebering_ghost_disaster_area, grunt_vaults_swirl, v_pattern_3,
          vaults_dpeg_emergency_exit, vaults_mumra_hex,
          nicolae_vaults_more_shelving_2, grunt_vaults_hallway_long,
          nicolae_vaults_weapon_check, v_rooms_5, nicolae_vaults_circle_grid_b,
          nicolae_vaults_library_corner, nicolae_vaults_house_2,
          layout_vaults_ring, serial_shops, nicolae_shop_rolling_square,
          serial_glass
Vaults:2: hangedman_vaults_slither, nicolae_vaults_tetromino_T_2,
          nicolae_vaults_sightless_eye, v_rooms_3, nicolae_vaults_statue_guard,
          lemuel_angel_altar, nicolae_vaults_wrenched,
          nicolae_vaults_double_plus_2, nicolae_vaults_diamond_1,
          nicolae_vaults_border_crossing, ontoclasm_vaults_eye,
          vaults_dpeg_encased_lava, layout_vaults_omnibox
Vaults:3: advil_vaults_ghost_lines, vaults_dpeg_ring,
          minmay_crypt_entry_vampire_xt, nicolae_vaults_display_case,
          vaults_room_door_hall, vaults_room_mumra_shop_pool, v_misc_30,
          nicolae_vaults_little_squares_2, nicolae_vaults_prndl,
          nicolae_vaults_network_quincunx
          [nicolae_vaults_network_quincunx_subvault,
          nicolae_vaults_network_quincunx_subvault,
          nicolae_vaults_network_quincunx_subvault,
          nicolae_vaults_network_quincunx_subvault,
          nicolae_vaults_network_quincunx_subvault],
          nicolae_vaults_closet_pinwheel_4, nicolae_vaults_sealed_display,
          layout_vaults_maze_bifur, serial_shops, shop
Vaults:4: nicolae_vaults_closet_pinwheel_6, nicolae_vaults_spaceships,
          v_misc_15, kennysheep_ogre_elephant_herders,
          nicolae_vaults_surprise_closet, layout_vaults_quadrants
Vaults:5: uniq_boris
Crypt:1:  layout_chaotic_city, serial_sigils, serial_sigils_hangedman_carve,
          serial_sigils_hangedman_scratch, serial_sigils_hangedman_quiver,
          serial_sigils_hangedman_gut
Crypt:2:  layout_misc_corridors, grunt_megastairs_2
Crypt:3:  grunt_crypt_end_deaths_head
Depths:1: layout_honeycomb, nicolae_ru_path_of_blood, pan_entry,
          lightli_too_deep, sword_in_stone
Depths:2: nzn_winding_woodlands_cross [nzn_winding_woodlands_5x15_sawtooth,
          nzn_winding_woodlands_5x15_eye, nzn_winding_woodlands_5x15_concentric,
          nzn_winding_woodlands_5x15_pool,
          nzn_winding_woodlands_15x15_boxy_spiral], layout_gridville,
          hell_entry, chequers_serial_rivers_micro_a, serial_shops,
          nicolae_shop_advertising_works [nicolae_subvault_shop_adworks],
          pan_entry, grunt_megastairs_5
Depths:3: minmay_strange_plus, layout_gridlike, enter_ziggurat_f, serial_shops,
          nicolae_shop_stone, nicolae_abyss_entry_one_way_or_another,
          pf_vacation_house_of_asmodeus, nicolae_qazlal_general_emergency,
          uniq_margery
Depths:4: grunt_zot_entry_alcove, layout_gridville, hell_entry,
          rand_demon_pan_entry_8, minmay_hollow_rounded_squares, uniq_josephina
Zot:1:    layout_gridlike, uniq_vv, uniq_tiamat
Zot:2:    layout_gridlike
Zot:3:    layout_cellular_growth, st_small_dragon_hoard_2,
          regret_index_zotdec_banners, grunt_megastairs_1
Zot:4:    hangedman_zot_vaults_quadrants, layout_cathedral_of_symmetry
Zot:5:    layout_cellular_growth

Skill      XL: |  1  2  3  4  5  6  7  8  9 10 11 12 13 14 15 16 17 18 19 20 21 22 23 24 25 26 27 |
---------------+----------------------------------------------------------------------------------+-----
Dodging        | 2 3 4 5 6 7 9 10 11 12 13 14 16 18 19 20 21 22 23 25 | 25.7
Ranged Weapons | 1 3 4 6 8 10 12 13 15 16 17 18 21 24 26 | 26.0
Fighting       | 4 5 6 8 9 11 12 13 14 15 17 19 21 22 24 26 27 | 27.0
Stealth        | 5 6 |  6.1
Invocations    | 4 7 9 10 12 16 18 21 23 26 | 26.4
Translocations | 3 8 |  8.0
Spellcasting   | 3 8 |  8.0
Hexes          | 3 8 |  8.0
Unarmed Combat | |  2.4

Action                     |  1- 3 |  4- 6 |  7- 9 | 10-12 | 13-15 | 16-18 | 19-21 | 22-24 | 25-27 || total
---------------------------+-------+-------+-------+-------+-------+-------+-------+-------+-------++-------
  Melee: Unarmed           |   110 |     1 |       |       |       |       |       |       |       ||   111
         Tailslap          |     9 |    26 |    14 |       |     1 |       |     1 |       |     1 ||    52
         Punch             |     1 |       |       |       |       |       |       |       |       ||     1
         Dagger            |       |   170 |   126 |       |       |       |       |       |       ||   296
         Arbalest          |       |       |       |       |     2 |       |     1 |       |       ||     3
         Triple crossbow   |       |       |       |       |       |       |       |     1 |     2 ||     3
   Fire: Shortbow          |       |       |    71 |   175 |       |       |       |       |       ||   246
         Orcbow            |       |       |    69 |   139 |       |       |       |       |       ||   208
         Arbalest          |       |       |       |   263 |   998 |  1278 |  1280 |   970 |       ||  4789
         Triple crossbow   |       |       |       |       |       |       |       |   560 |  1147 ||  1707
   Cast: Dimensional Bulls |       |       |       |       |       |       |       |     1 |       ||     1
         Blink             |       |       |       |       |       |       |       |       |     1 ||     1
 Invoke: Ancestor Life: Ba |       |       |     1 |       |       |       |       |       |       ||     1
         Recall Ancestor   |       |       |       |       |     1 |     4 |     1 |     3 |     3 ||    12
         Idealise          |       |       |       |       |       |     2 |     5 |    15 |     8 ||    30
Ability: Noxious Breath    |       |       |     2 |     1 |     1 |       |       |       |       ||     4
  Evoke: Lightning rod     |       |       |       |       |       |     4 |       |       |       ||     4
         Wand              |       |       |       |       |       |       |     1 |     1 |     5 ||     7
         Phial of floods   |       |       |       |       |       |       |       |     1 |       ||     1
    Use: Scroll            |     1 |     1 |       |    18 |    10 |    18 |     6 |    18 |    12 ||    84
         Potion            |     1 |       |       |       |       |     5 |     1 |     1 |    15 ||    23
   Stab: Sleeping          |    10 |     7 |     3 |       |       |       |       |       |       ||    20
         Confused          |       |       |     1 |       |       |       |       |       |       ||     1
 Armour: Skin              |    89 |   131 |   119 |   105 |   211 |   217 |   200 |   331 |   242 ||  1645
  Dodge: Dodged            |    59 |   106 |   163 |   234 |   483 |   488 |   472 |   742 |   428 ||  3175
         Repelled          |       |       |       |       |    21 |    66 |    69 |    49 |    89 ||   294
  Block: Other             |       |       |       |       |       |       |       |    23 |       ||    23

Table legend: (Time is in decaauts)
 A = Elapsed time spent in this place.
 B = Non-inter-level travel time spent in this place.
 C = Inter-level travel time spent in this place.
 D = Time resting spent in this place.
 E = Time spent auto-exploring this place.
 F = Levels seen in this place.
 G = Mean time per level.
                   A        B        C        D        E       F      G
               +--------+--------+--------+--------+--------+-----+--------+
         Total |  67461 |  58172 |   9289 |   7617 |  38394 |  59 | 1143.4 |
       Dungeon |  16742 |  13556 |   3186 |    751 |  10486 |  15 | 1116.1 |
        Temple |    199 |     35 |    164 |      9 |      0 |   1 |  199.0 |
          Lair |   6332 |   4857 |   1475 |    169 |   3852 |   5 | 1266.4 |
        Shoals |   4360 |   3851 |    509 |    658 |   2332 |   4 | 1090.0 |
     Snake Pit |   5663 |   5111 |    552 |    831 |   3208 |   4 | 1415.8 |
    Slime Pits |   3320 |   2845 |    475 |    826 |   1659 |   5 |  664.0 |
  Orcish Mines |   1817 |   1508 |    309 |    380 |    739 |   2 |  908.5 |
   Elven Halls |   3542 |   3187 |    355 |    240 |   2121 |   3 | 1180.7 |
        Vaults |   8044 |   6742 |   1302 |    804 |   4336 |   5 | 1608.8 |
         Crypt |   3288 |   3137 |    151 |    407 |   2105 |   3 | 1096.0 |
        Depths |   5941 |   5404 |    537 |   1164 |   2980 |   4 | 1485.2 |
           Zot |   6129 |   5860 |    269 |   1059 |   3644 |   5 | 1225.8 |
         Abyss |    521 |    521 |      0 |    135 |      0 |   1 |  521.0 |
      Ice Cave |    737 |    737 |      0 |    104 |    391 |   1 |  737.0 |
      Gauntlet |    821 |    821 |      0 |     78 |    539 |   1 |  821.0 |
               +--------+--------+--------+--------+--------+-----+--------+

Top non-repeatable levels by time:
 Snake:4: 2412 daAuts
Vaults:1: 2265 daAuts
     D:9: 1925 daAuts
Vaults:3: 1834 daAuts
Depths:1: 1760 daAuts
  Lair:4: 1681 daAuts
 Crypt:3: 1579 daAuts
   Zot:5: 1573 daAuts
    D:12: 1501 daAuts
Depths:3: 1482 daAuts
     D:5: 1380 daAuts
   Zot:4: 1375 daAuts
Depths:2: 1369 daAuts
Vaults:5: 1368 daAuts
     D:8: 1363 daAuts
